 Dungeon Crawl Stone Soup version 0.23.0-3-gf3c87f2 (webtiles) character file.

Game seed: 10066511833194377051

82 skk the Ruffian (level 4, -3/66 HPs)
             Began as a Troll Monk on Feb 24, 2019.
             Slain by Crazy Yiuf
             ... wielding a +4 quarterstaff of chaos
              (5 damage)
             ... while paralysed by Crazy Yiuf
             ... on level 2 of the Dungeon.
             The game lasted 00:02:25 (1725 turns).

skk the Ruffian (Troll Monk)                        Turns: 1725, Time: 00:02:26

Health: -3/66      AC:  6    Str: 24    XL:     4   Next: 21%
Magic:  0/3        EV:  1    Int:  7    God:
Gold:   112        SH:  0    Dex: 12    Spells: 3/3 levels left

rFire    . . .     SeeInvis .     - Unarmed
rCold    . . .     Gourm    +   (no shield)
rNeg     . . .     Faith    .   a - +0 robe
rPois    .         Spirit   .   (helmet restricted)
rElec    .         Reflect  .   (no cloak)
rCorr    +         Harm     .   (gloves unavailable)
MR       .....                  (boots unavailable)
Stlth    ..........             (no amulet)
HPRegen  0.61/turn              f - ring of resist corrosion
MPRegen  0.08/turn              (no ring)

@: paralysed, berserking, petrifying (expiring), slowed, lightly drained
A: large, unfitting armour, claws 3, fast metabolism 3, gourmand, regeneration
1, shaggy fur 1, tough skin 3
a: no special abilities


You were on level 2 of the Dungeon.
You were very full.

You visited 1 branch of the dungeon, and saw 2 of its levels.

You collected 112 gold pieces.

Inventory:

Armour
 a - a +0 robe (worn)
Jewellery
 f - a ring of resist corrosion (left claw)
Scrolls
 c - a scroll of enchant weapon {unknown}
 d - 2 scrolls of identify
 h - 2 scrolls of teleportation {unknown}
 j - a scroll of remove curse {unknown}
Potions
 e - a potion of brilliance
 i - a potion of magic {unknown}
Comestibles
 b - 5 rations


   Skills:
 + Level 2.7(2.4) Fighting
 + Level 3.3(3.0) Dodging
 + Level 1.2(0.9) Stealth
 + Level 3.6(3.3) Unarmed Combat


You had 3 spell levels left.
You didn't know any spells.
Your spell library was empty.

Dungeon Overview and Level Annotations

Branches:
Dungeon (2/15)

Altars:

Annotations:
D:2 Crazy Yiuf


Innate Abilities, Weirdness & Mutations

You are too large for most types of armour.
You have claws for hands.
Your metabolism is lightning-fast.
You like to eat raw meat.
Your natural rate of healing is unusually fast.
You are covered in fur. (AC +1)
You have extremely tough skin. (AC +3)


Message History

Crazy Yiuf barely misses you.
Crazy Yiuf hits you with a +4 quarterstaff of chaos.
You blink.
Crazy Yiuf says, "Crazy?
Crazy!?
PORCUPINE!"
Crazy Yiuf hits you with a +4 quarterstaff of chaos.
Crazy Yiuf yells, "Race aubergine sing!"
Crazy Yiuf barely misses you.
Crazy Yiuf hits you with a +4 quarterstaff of chaos.
You suddenly lose the ability to move!
Crazy Yiuf hits you with a +4 quarterstaff of chaos.
Crazy Yiuf burns you.
Crazy Yiuf hits you with a +4 quarterstaff of chaos.
* * * LOW HITPOINT WARNING * * *
You are slowing down.
Crazy Yiuf hits you with a +4 quarterstaff of chaos!
* * * LOW HITPOINT WARNING * * *
A red film seems to cover your vision as you go berserk!
You feel yourself moving faster!
You feel mighty!
Your limbs are stiffening.
Crazy Yiuf hits you with a +4 quarterstaff of chaos!
You die...

##..#####.............#
......................#
......................#
...........###############
...........# #..#
.#.........# ##### #..#
##.........# #..)# #..#
#.........# #...# #..#
#.........# #@..# #..#
##...).....# ##g## #..#
...........# ##.# #..###
##.##'####.# #.## #....#
.#.##.## #.# ##.# ####.#
.#.##..# #.# #.## #.#
...###.# #.# ##.## #.#
.#.# #.# #.# #...## #.#
.#.# #.###.## #....# #.#


You could see Crazy Yiuf.

Vanquished Creatures
  4 adders (D:2)
  A dart slug (D:1)
  2 leopard geckos (D:2)
  6 goblins
  7 hobgoblins
  5 kobolds (D:1)
  A quokka (D:2)
  6 bats
  3 frilled lizards
  5 rats
40 creatures vanquished.

Notes
Turn   | Place    | Note
-------+----------+-------------------------------------------
     0 | D:1      | skk the Troll Monk began the quest for the Orb.
     0 | D:1      | Reached XP level 1. HP: 22/22 MP: 0/0
   271 | D:1      | Reached XP level 2. HP: 29/29 MP: 1/1
   797 | D:1      | Reached XP level 3. HP: 36/36 MP: 2/2
  1332 | D:2      | Reached XP level 4. HP: 43/44 MP: 3/3
  1619 | D:2      | Found a runed translucent door.
  1620 | D:2      | Noticed Crazy Yiuf
  1721 | D:2      | Paralysed by Crazy Yiuf for 5 turns
  1724 | D:2      | HP: 1/44 [Crazy Yiuf/+4 quarterstaff of chaos (10)]
  1725 | D:2      | Slain by Crazy Yiuf

Skill      XL: |  1  2  3 |
---------------+----------+-----
Dodging        | 3 |  3.3
Fighting       | |  2.7
Stealth        | |  1.2
Unarmed Combat | |  3.6

Action                   |  1- 3 |  4- 6 || total
-------------------------+-------+-------++-------
Melee: Unarmed           |   114 |    17 ||   131
       Punch             |     1 |       ||     1
  Use: Scroll            |     1 |     1 ||     2
       Potion            |       |     1 ||     1
 Stab: Sleeping          |     4 |       ||     4
  Eat: Chunk             |    15 |     5 ||    20
Armor: Robe              |    56 |     4 ||    60
Dodge: Dodged            |    89 |     5 ||    94
